 Dungeon Crawl Stone Soup version 0.25-a0-663-gace7076 (webtiles) character file.

Game seed: 3342752246319442016, levelgen mode: deterministic

6796 ssssssssss the Cruncher (level 10, -1/98 HPs)
             Began as a Troll Berserker on Mar 24, 2020.
             Was an Elder of Trog.
             Succumbed to a hornet's poison
             ... on level 10 of the Dungeon on Mar 25, 2020.
             The game lasted 01:02:52 (9796 turns).

ssssssssss the Cruncher (Troll Berserker)           Turns: 9796, Time: 01:02:53

Health: -1/98      AC:  9    Str: 27    XL:     10   Next: 76%
Magic:  9/9        EV: 13    Int:  3    God:    Trog [****..]
Gold:   950        SH:  0    Dex: 14    Spells: 9/9 levels left

rFire    + . .     SeeInvis .   K - +6 quarterstaff (flame) {DYERMAKER}
rCold    x . .     Gourm    +   (shield currently unavailable)
rNeg     . . .     Faith    +   s - +0 robe
rPois    .         Spirit   .   (helmet restricted)
rElec    .         Reflect  .   v - +2 cloak
rCorr    .         Harm     .   (gloves unavailable)
MR       .....                  (boots unavailable)
Stlth    ++........             O - amulet of faith
HPRegen  0.66/turn              C - ring of fire
MPRegen  0.11/turn              Q - +2 ring of dexterity

@: lethally poisoned (-1 -> -9), hasted and slowed
A: large, unfitting armour, claws 3, fast metabolism 3, gourmand, regeneration
1, shaggy fur 1, tough skin 3
a: Berserk, Trog's Hand, Brothers in Arms, Renounce Religion


You were on level 10 of the Dungeon.
You worshipped Trog.
Trog was greatly pleased with you.
You were not hungry.

You visited 1 branch of the dungeon, and saw 10 of its levels.

You collected 950 gold pieces.

Inventory:

Hand Weapons
 p - a +3 dagger of holy wrath
 t - a +2 whip of electrocution
 u - a +4 quarterstaff of chaos
 E - a +2 shortbow of flaming
 H - a +0 mace of protection
 K - a +6 quarterstaff of flaming (weapon) {DYERMAKER}
 P - a cursed -1 hand axe
 S - a +4 flail
 T - a +4 scimitar of freezing
 V - a +0 whip of holy wrath
Missiles
 a - 185 stones
 f - 10 javelins
 m - 9 atropa-tipped darts
 n - 10 large rocks (quivered)
 w - 21 boomerangs
 y - 43 poisoned darts
 F - 124 arrows
Armour
 h - a +0 robe
 s - a +0 robe (worn)
 v - a +2 cloak (worn)
Jewellery
 e - a cursed ring of teleportation
 x - an uncursed ring of protection from cold {unknown}
 C - a ring of fire (left claw)
 O - an amulet of faith (around neck)
 Q - a +2 ring of dexterity (right claw)
Wands
 B - a wand of random effects (42)
 G - a wand of paralysis (10)
 N - a wand of polymorph (9)
Scrolls
 c - a scroll of identify
 d - 8 scrolls of remove curse
 k - 2 scrolls of fear
 l - 2 scrolls of magic mapping
 r - 2 scrolls of amnesia
 A - 6 scrolls of teleportation
 D - a scroll of blinking {unknown}
 J - a scroll of silence {unknown}
 L - a scroll of torment {unknown}
 M - a scroll of immolation {unknown}
 R - a scroll of enchant weapon
Potions
 g - 3 potions of curing
 i - 3 potions of heal wounds
 j - a potion of invisibility
 o - a potion of magic
 q - 3 potions of haste
 z - a potion of degeneration
 I - a potion of berserk rage
Comestibles
 b - 14 rations


   Skills:
 + Level 5.9 Fighting
 + Level 1.2 Short Blades
 + Level 0.6(5.9) Maces & Flails
 + Level 8.6 Staves
 + Level 3.1 Throwing
 + Level 6.7 Dodging
 + Level 2.4 Stealth
 + Level 6.6 Unarmed Combat


You had 9 spell levels left.
You didn't know any spells.
Your spell library contained the following spells:

 Spells                   Type           Power        Failure   Level  Hunger
 Freeze                   Ice            #...         52%         1    ##.....
 Magic Dart               Conj           #...         52%         1    ##.....
 Blink                    Tloc           N/A          67%         2    ###....
 Call Imp                 Summ           #.......     67%         2    ###....
 Slow                     Hex            #.......     67%         2    ###....
 Conjure Flame            Conj/Fire      #.......     88%         3    ####...
 Frozen Ramparts          Ice            #.....       88%         3    ####...
 Mephitic Cloud           Conj/Pois/Air  #.......     88%         3    ####...
 Ozocubu's Armour         Chrm/Ice       #.......     88%         3    ####...
 Hailstorm                Conj/Ice       #.......     99%         4    #####..
 Summon Ice Beast         Ice/Summ       #.......     99%         4    #####..


Dungeon Overview and Level Annotations

Branches:
Dungeon (10/15)            Temple (0/1) D:6             Orc (0/2) D:10
   Lair: D:8-11

Altars:
Elyvilon
Hepliaklqana
Makhleb
Nemelex Xobeh
Qazlal
Ru
Sif Muna
Uskayaw
Vehumet
Wu Jian
Xom
Yredelemnul
Zin

Shops:
D:6 [   D:8 :   D:10 [


Innate Abilities, Weirdness & Mutations

You are too large for most types of armour.
You have claws for hands.
Your metabolism is lightning-fast.
You like to eat raw meat.
Your natural rate of healing is unusually fast.
You are covered in fur. (AC +1)
You have extremely tough skin. (AC +3)


Message History

* * * LOW HITPOINT WARNING * * *
The hornet stings you.
* * * LOW HITPOINT WARNING * * *
You feel as though you will be slow longer.
The yak gores you but does no damage.
Okay, then.
You feel yourself speed up.
You feel very sick.
The hornet stings you but does no damage.
The yak gores you but does no damage. The yak gores you!
* * * LOW HITPOINT WARNING * * *
The hornet stings you.
* * * LOW HITPOINT WARNING * * *
You feel as though you will be slow longer.
The yak barely misses you. x2
* * * LOW HITPOINT WARNING * * *
You feel sick. The yak gores you!
* * * LOW HITPOINT WARNING * * *
The hornet closely misses you.
You die...

#. ######...#......#
#..#....#...#......#
#..#....#...#......#.
#######..#....#...#......#.
.........####'#...#......#.
..................'......#.
..................#+######.
........Y..................
.......Yy.@................
##......Y.>................
#....................### #
#.....########.......#
#..... #.......# #.....
#.......# #..... #.......#
#..... #.......# #.......#


You could see 3 yaks and a hornet.

Vanquished Creatures
  A two-headed ogre (D:10)
  A cyclops (D:5)
  A troll (D:9)
  A hippogriff (D:7)
  Sigmund (D:5)
  Eustachio (D:4)
  A hungry ghost (D:10)
  Menkaure (D:7)
  A naga (shapeshifter) (D:9)
  5 orc warriors
  2 sky beasts
  2 black bears
  3 ice beasts
  3 phantoms
  An ogre (D:6)
  A necrophage (D:9)
  3 eyes of draining (D:9)
  5 centaurs
  Blork the orc (D:5)
  A bullfrog (D:7)
  A wyvern zombie (D:9)
  A water moccasin skeleton (D:9)
  A wyvern skeleton (D:8)
  6 scorpions
  12 killer bees
  2 howler monkeys
  5 wights (D:9)
  3 crimson imps
  A bullfrog zombie (D:5)
  4 hounds
  5 orc priests
  Crazy Yiuf (D:3)
  A centaur skeleton (D:6)
  3 jellies
  Natasha (thrice) (D:4)
  A bullfrog skeleton (D:6)
  6 iguanas
  5 orc wizards
  4 worker ants
  A killer bee zombie (D:9)
  A hound skeleton (D:6)
  2 worker ant zombies
  8 adders
  3 oozes (D:2)
  2 adder zombies
  2 worms
  A dart slug (D:1)
  3 leopard geckos
  23 orcs
  6 giant cockroaches
  5 goblins
  8 hobgoblins
  11 jackals
  2 quokkas
  A ball python (D:2)
  5 bats
  5 frilled lizards
  A jackal skeleton (D:9)
  3 kobolds
  A leopard gecko zombie (D:7)
  A quokka skeleton (D:4)
  7 rats
  A butterfly (D:6)
204 creatures vanquished.

Notes
Turn   | Place    | Note
-------+----------+-------------------------------------------
     0 | D:1      | ssssssssss the Troll Berserker began the quest for the Orb.
     0 | D:1      | Reached XP level 1. HP: 22/22 MP: 0/0
   390 | D:1      | Reached XP level 2. HP: 27/29 MP: 1/1
  1016 | D:2      | Reached XP level 3. HP: 34/36 MP: 2/2
  1166 | D:2      | Found a faded altar of an unknown god.
  1204 | D:2      | Reached ** piety under Trog
  1833 | D:3      | Reached XP level 4. HP: 43/45 MP: 3/3
  2055 | D:3      | Found a burning altar of Makhleb.
  2192 | D:3      | Found a runed translucent door.
  2193 | D:3      | Noticed Crazy Yiuf
  2550 | D:3      | Killed Crazy Yiuf
  2625 | D:4      | Noticed a phantom
  2645 | D:4      | Reached XP level 5. HP: 53/53 MP: 4/4
  2656 | D:4      | Reached skill level 5 in Unarmed Combat
  2696 | D:4      | Killed a phantom
  2696 | D:4      | Reached XP level 6. HP: 38/61 MP: 5/5
  2802 | D:4      | Noticed Natasha
  2809 | D:4      | Killed Natasha
  2818 | D:4      | Found a hazy altar of Hepliaklqana.
  2888 | D:4      | Noticed Eustachio
  2921 | D:4      | Killed Eustachio
  3045 | D:4      | Found a glowing silver altar of Zin.
  3215 | D:4      | Noticed Natasha
  3221 | D:4      | Killed Natasha
  3221 | D:4      | Reached XP level 7. HP: 66/67 MP: 6/6
  3362 | D:4      | Noticed Natasha
  3367 | D:4      | Killed Natasha
  3367 | D:4      | Reached skill level 1 in Staves
  3398 | D:5      | Entered Level 5 of the Dungeon
  3404 | D:5      | Noticed a +0 dagger
  3406 | D:5      | Found a hide-covered altar of Uskayaw.
  3407 | D:5      | Noticed a -2 hand axe
  3512 | D:5      | Reached *** piety under Trog
  3604 | D:5      | Noticed Sigmund
  3613 | D:5      | Killed Sigmund
  3613 | D:5      | Reached skill level 2 in Staves
  3613 | D:5      | Reached skill level 1 in Stealth
  3708 | D:5      | You fall into a shaft and drop 3 floors!
  3708 | D:8      | Found a radiant altar of Vehumet.
  3737 | D:8      | Reached XP level 8. HP: 14/75 MP: 7/7
  3738 | D:8      | Reached skill level 3 in Staves
  3915 | D:8      | Found Godigrum's Book Boutique.
  4116 | D:8      | Reached skill level 1 in Throwing
  4211 | D:8      | Reached skill level 4 in Staves
  4920 | D:6      | Found a shimmering altar of Xom.
  5025 | D:6      | Found Huaq's Antique Armour Emporium.
  5096 | D:6      | Reached skill level 5 in Staves
  5111 | D:6      | Reached skill level 5 in Dodging
  5162 | D:6      | Reached XP level 9. HP: 85/85 MP: 8/8
  5215 | D:6      | Reached **** piety under Trog
  5515 | D:6      | Found a staircase to the Ecumenical Temple.
  5882 | D:5      | Found a white marble altar of Elyvilon.
  5883 | D:5      | Noticed Blork the orc
  5888 | D:5      | Killed Blork the orc
  5996 | D:5      | Found a transporter.
  6002 | D:5      | Found a transporter.
  6010 | D:5      | Noticed a cyclops
  6013 | D:5      | Found a basalt altar of Yredelemnul.
  6347 | D:5      | Killed a cyclops
  6347 | D:5      | Reached skill level 6 in Staves
  6520 | D:7      | Noticed Menkaure
  6540 | D:7      | Killed Menkaure
  6540 | D:7      | Reached skill level 5 in Fighting
  6889 | D:7      | Reached skill level 7 in Staves
  7062 | D:7      | Reached skill level 1 in Short Blades
  7141 | D:7      | Found a stormy altar of Qazlal.
  7141 | D:7      | Found a shimmering blue altar of Sif Muna.
  7679 | D:8      | Found a sacrificial altar of Ru.
  7913 | D:8      | Reached XP level 10. HP: 95/96 MP: 9/9
  8644 | D:9      | Found an ornate altar of the Wu Jian Council.
  8758 | D:9      | Reached ***** piety under Trog
  8758 | D:9      | Received a gift from Trog
  8780 | D:9      | Found a sparkling altar of Nemelex Xobeh.
  9201 | D:10     | Entered Level 10 of the Dungeon
  9224 | D:10     | Reached skill level 8 in Staves
  9259 | D:10     | Found Unuwibbe's Armour Shop.
  9259 | D:10     | Found a staircase to the Orcish Mines.
  9415 | D:10     | Noticed a two-headed ogre
  9423 | D:10     | Killed a two-headed ogre
  9789 | D:10     | Paralysed by a hornet for 3 turns
  9795 | D:10     | HP: 1/98 [yak (9)]
  9796 | D:10     | Succumbed to a hornet's poison

Levels and vault maps discovered:
D:1:      wander_arrival_peaceful_grave, layout_loops_ring
D:2:      layout_basic, first_ration, chequers_ecumenical_altar_simple_redux
D:3:      layout_basic, lightli_temple_of_fire, kennysheep_generic_room_7,
          uniq_crazy_yiuf_cottage
D:4:      layout_basic, lemuel_doored_altar, lemuel_round_altar, uniq_eustachio,
          uniq_natasha
D:5:      layout_loops_ring, dancing_weapons_uskayaw,
          gammafunk_temple_overflow_arena, elyvilon_altar_5, uniq_blork_the_orc,
          uniq_sigmund
D:6:      minmay_polygon_palace, layout_layer_cave, xom_butterflies,
          minmay_temple_entry_enclosed_plants, serial_shops, shop
D:7:      layout_cave_pods, gammafunk_temple_overflow_elements,
          eino_tiny_chamber, corner_web_ring, uniq_menkaure
D:8:      layout_loops_corners, vehumet_crystals, marbit_many_paths,
          serial_shops, nicolae_shop_waterfront, columned_hall_lemuel
D:9:      layout_small_grid, nicolae_overflow_hidden_temple,
          kennysheep_little_box
D:10:     layout_irregular_city, orc_david_3, blue_anna_alchemist
          [blue_anna_fruit_fields, blue_anna_fruit_fields]

Skill      XL: |  1  2  3  4  5  6  7  8  9 10 |
---------------+-------------------------------+-----
Fighting       | 3 4 5 |  5.9
Dodging        | 3 4 5 6 |  6.7
Unarmed Combat | 4 5 6 |  6.6
Staves         | 2 5 7 8 |  8.6
Stealth        | 1 2 |  2.4
Throwing       | 1 2 3 |  3.1
Short Blades   | 1 |  1.2
Maces & Flails | |  0.6

Action                   |  1- 3 |  4- 6 |  7- 9 | 10-12 || total
-------------------------+-------+-------+-------+-------++-------
Melee: Unarmed           |    92 |    95 |       |       ||   187
       Punch             |       |     1 |     1 |       ||     2
       Quarterstaff      |       |    29 |   265 |   171 ||   465
       Dagger            |       |       |    18 |       ||    18
       Whip              |       |       |    13 |       ||    13
Throw: Javelin           |     1 |       |       |       ||     1
       Large rock        |       |       |    22 |    28 ||    50
Invok: Berserk           |       |       |     4 |     2 ||     6
Evoke: Wand              |       |       |     1 |       ||     1
  Use: Scroll            |     6 |     1 |    13 |     2 ||    22
       Potion            |     1 |       |     4 |     5 ||    10
 Stab: Paralysed         |       |       |     1 |       ||     1
       Sleeping          |       |       |       |     2 ||     2
  Eat: Chunk             |    22 |    13 |    43 |    16 ||    94
       Ration            |       |       |       |     2 ||     2
Armor: Robe              |    46 |    48 |   143 |    67 ||   304
Dodge: Dodged            |    81 |    58 |   201 |   136 ||   476

Table legend:
 A = Non-vault XP
 B = Vault XP
 C = Vault XP percentage of total XP
 D = Non-vault monster count
 E = Vault monster count
 F = Vault count percentage of total count
                 A         B        C        D         E       F
            +---------+---------+-------+---------+---------+-------
      Total |    7180 |    2529 |  26.0 |     171 |      32 |  15.8
            +---------+---------+-------+---------+---------+-------
        D:1 |      21 |       0 |   0.0 |      12 |       0 |   0.0
        D:2 |      64 |       0 |   0.0 |      21 |       0 |   0.0
        D:3 |      61 |      44 |  41.9 |      18 |       4 |  18.2
        D:4 |     374 |     236 |  38.7 |      14 |       2 |  12.5
        D:5 |     365 |     991 |  73.1 |      11 |       6 |  35.3
        D:6 |     179 |     778 |  81.3 |       8 |      13 |  61.9
        D:7 |     867 |     165 |  16.0 |      13 |       1 |   7.1
        D:8 |    1586 |      52 |   3.2 |      32 |       1 |   3.0
        D:9 |    1841 |       0 |   0.0 |      25 |       0 |   0.0
       D:10 |    1822 |     263 |  12.6 |      17 |       5 |  22.7
            +---------+---------+-------+---------+---------+-------
